 Dungeon Crawl Stone Soup version 0.22-a0-149-g870e420 (webtiles) character file.

24 KristoblXynda the Slasher (level 3, -1/32 HPs)
             Began as a Naga Gladiator on Feb 7, 2018.
             Slain by Terence
             ... wielding a +2 flail of crushing
              (3 damage)
             ... on level 2 of the Dungeon.
             The game lasted 00:01:01 (618 turns).

KristoblXynda the Slasher (Naga Gladiator)           Turns: 618, Time: 00:01:02

Health: -1/32      AC:  3    Str: 16    XL:     3   Next: 2%
Magic:  3/3        EV: 10    Int:  8    God:
Gold:   58         SH:  0    Dex: 13    Spells: 2/2 levels left

rFire    . . .     SeeInvis +   a - +0 long sword
rCold    . . .     Gourm    .   (no shield)
rNeg     . . .     Faith    .   b - +0 leather armour
rPois    +         Spirit   .   c - +0 helmet
rElec    .         Reflect  .   (no cloak)
rCorr    .         Harm     .   (no gloves)
MR       .....                  (no barding)
Stlth    +.........             (no amulet)
HPRegen  0.10/turn              (no ring)
MPRegen  0.08/turn              (no ring)

@: very slow
A: large, see invisible, deformed body, poison resistance, slowness 2, slow
metabolism 1, spit poison 1, AC +1
a: Spit Poison


You were on level 2 of the Dungeon.
You were not hungry.

You visited 1 branch of the dungeon, and saw 2 of its levels.

You collected 58 gold pieces.

Inventory:

Hand Weapons
 a - a +0 long sword (weapon)
Missiles
 d - 3 throwing nets (quivered)
Armour
 b - a +0 leather armour (worn)
 c - a +0 helmet (worn)
Jewellery
 j - an uncursed amulet of faith {unknown}
Scrolls
 e - a scroll of amnesia {unknown}
 g - a scroll of fog {unknown}
 h - 3 scrolls of remove curse {unknown}
 i - a scroll of identify {unknown}
Potions
 k - a potion of cancellation {unknown}
Comestibles
 f - 2 rations


   Skills:
 - Level 2.0 Fighting
 * Level 3.6 Long Blades
 - Level 2.0 Throwing
 + Level 2.7 Dodging


You had 2 spell levels left.
You didn't know any spells.

Dungeon Overview and Level Annotations

Branches:
Dungeon (2/15)

Altars:

Annotations:
D:2 Terence


Innate Abilities, Weirdness & Mutations

You cannot wear boots.
Your serpentine skin is tough. (AC +1)
You have supernaturally acute eyesight. (SInv)
Armour fits poorly on your strangely shaped body.
Your system is resistant to poisons. (rPois)
You cover ground very slowly.
You have a slow metabolism.
You can spit poison.


Message History

Terence is heavily wounded.
Terence struggles against the net.
You catch the helpless Terence completely off-guard!
You hit Terence.
Terence is severely wounded.
Terence struggles against the net.
You hit Terence but do no damage.
Terence is severely wounded.
Terence struggles against the net. x2
You hit Terence.
Terence is almost dead.
Terence struggles against the net.
The net rips apart, and Terence comes free!
You barely miss Terence.
Terence is almost dead.
Terence barely misses you.
You closely miss Terence.
Terence is almost dead.
Terence hits you with a flail of crushing.
You die...

...... ......
......# .......
....... .......
#.#
......@###.....
#.@......#
####.....#
.#### .. #. #


You could see Terence.

Vanquished Creatures
  3 dart slugs (D:1)
  2 bats (D:1)
  2 giant cockroaches (D:1)
  2 goblins (D:1)
  2 hobgoblins (D:1)
  2 kobolds (D:1)
  4 rats (D:1)
17 creatures vanquished.

Notes
Turn   | Place    | Note
-------+----------+-------------------------------------------
     0 | D:1      | KristoblXynda the Naga Gladiator began the quest for the Orb.
     0 | D:1      | Reached XP level 1. HP: 19/19 MP: 1/1
   113 | D:1      | Reached XP level 2. HP: 23/26 MP: 2/2
   381 | D:1      | Reached XP level 3. HP: 32/32 MP: 3/3
   592 | D:2      | Noticed Terence
   611 | D:2      | HP: 1/32 [Terence/flail of crushing (2)]
   618 | D:2      | Slain by Terence

Vault maps used:
D:1:      dpeg_arrival_stone_temple_mockup
D:2:      kennysheep_pointless_box, uniq_terence, uniq_natasha

Skill      XL: |  1 |
---------------+----+-----
Throwing       | 2 |  2.0
Fighting       | |  2.0
Long Blades    | |  3.6
Dodging        | |  2.7

Action                   || total
-------------------------++-------
Melee: Long sword        ||    55
Throw: Throwing net      ||     1
 Abil: Spit Poison       ||     3
 Stab: Sleeping          ||     1
       Held in net/web   ||     1
Armor: Leather armour    ||     9
Dodge: Dodged            ||    31
       Rpst.: Long sword ||     7

Table legend:
 A = Spawn XP
 B = Non-spawn XP
 C = Spawn XP percentage of total XP
 D = Spawn monster count
 E = Non-spawn monster count
 F = Spawn count percentage of total count
 G = Total turns spent on level
                    A         B        C        D         E        F      G
               +---------+---------+-------+---------+---------+-------+---------
         Total |       0 |      35 |   0.0 |       0 |      17 |   0.0 |   618
               +---------+---------+-------+---------+---------+-------+---------
           D:1 |       0 |      35 |   0.0 |       0 |      17 |   0.0 |   592
               +---------+---------+-------+---------+---------+-------+---------
